 Dungeon Crawl Stone Soup version 0.21-a0-58-g625dad4 (webtiles) character file.

1346 GordonOverkill the Cleaver (level 8, -2/67 HPs)
             Began as a Gnoll Skald on June 16, 2017.
             Was a Believer of Okawaru.
             Slain by Pikel
             ... wielding a +0 whip of electrocution
              (5 damage)
             ... on level 7 of the Dungeon.
             The game lasted 00:14:45 (7913 turns).

GordonOverkill the Cleaver (Gnoll Skald)            Turns: 7913, Time: 00:14:45

Health: -2/67      AC:  8    Str: 13    XL:     8   Next: 62%
Magic:  8/13       EV: 12    Int: 13    God:    Okawaru [**....]
Gold:   308        SH:  0    Dex: 13    Spells: 6/14 levels left

rFire    . . .     SeeInvis .   v - +0 war axe
rCold    . . .     Gourm    .   (no shield)
rNeg     . . .     Faith    .   t - +0 ring mail
rPois    .         Spirit   .   y - +0 helmet
rElec    .         Reflect  .   s - +0 cloak
rCorr    .         Harm     .   (no gloves)
MR       .....                  (no boots)
Stlth    +.........             l - amulet of rage
HPRegen  0.21/turn              (no ring)
MPRegen  0.13/turn              (no ring)

@: infused, very slightly contaminated
A: short attention span, fangs 1, strong nose
a: Heroism, Renounce Religion, Evoke Berserk Rage


You were on level 7 of the Dungeon.
You worshipped Okawaru.
Okawaru was pleased with you.
You were not hungry.

You visited 1 branch of the dungeon, and saw 7 of its levels.

You collected 308 gold pieces.

Inventory:

Hand Weapons
 v - a +0 war axe (weapon)
 E - a +0 flail
Missiles
 i - 121 stones (quivered)
Armour
 s - a +0 cloak (worn)
 t - a +0 ring mail (worn)
 y - a +0 helmet (worn)
Jewellery
 l - an amulet of rage (around neck)
Wands
 e - a wand of iceblast (15/15)
 H - a wand of lightning (4/15)
Scrolls
 f - 2 scrolls of immolation
 m - 2 scrolls of recharging
 n - a scroll of teleportation
 p - a scroll of fog
 q - a scroll of enchant armour {unknown}
 w - 3 scrolls of remove curse
 x - a scroll of blinking {unknown}
 B - 2 scrolls of magic mapping
 C - 3 scrolls of identify
Potions
 a - a potion of agility
 g - a potion of might
 h - 2 potions of lignification
 j - 3 potions of brilliance
 k - a potion of invisibility
 o - 2 potions of flight
 r - 4 potions of curing
 u - 2 potions of heal wounds
 A - a potion of mutation
 F - 2 potions of ambrosia
Books
 c - a book of Battle

   Spells                             Type                      Level
   a - Infusion                       Charms                       1
   b - Shroud of Golubria             Charms/Translocation         2
   c - Song of Slaying                Charms                       2
   d - Spectral Weapon                Hexes/Charms                 3
   e - Regeneration                   Charms/Necromancy            3
 z - a book of Misfortune

   Spells                             Type                      Level
   a - Confusing Touch                Hexes                        1
   b - Confuse                        Hexes                        3
   c - Gell's Gravitas                Translocation                3
   d - Petrify                        Transmutation/Earth          4
   e - Metabolic Englaciation         Hexes/Ice                    5
   f - Yara's Violent Unravelling     Hexes/Transmutation          5
Comestibles
 b - 4 meat rations
 d - 4 bread rations
 G - a royal jelly


   Skills:
 - Level 7.0 Fighting
 + Level 9.5 Axes
 - Level 6.0 Armour
 + Level 4.6 Dodging
 - Level 3.8 Spellcasting
 - Level 5.0 Charms


You had 6 spell levels left.
You knew the following spells:

 Your Spells              Type           Power        Failure   Level  Hunger
a - Infusion              Chrm           ###.         5%          1    None
b - Song of Slaying       Chrm           ###.....     8%          2    ##.....
c - Regeneration          Chrm/Necr      #.........   41%         3    ###....
d - Shroud of Golubria    Chrm/Tloc      #.........   22%         2    ##.....


Dungeon Overview and Level Annotations

Branches:
Dungeon (7/15)             Temple (0/1) D:7

Altars:
Makhleb
Nemelex Xobeh
Okawaru
Ru
Trog
Xom

Shops:
D:7 *

Annotations:
D:7 Pikel


Innate Abilities, Weirdness & Mutations

You have a short attention span.
You have very sharp teeth.
Your uncanny sense of smell can sniff out nearby items.


Message History

You are too injured to fight recklessly!
You are too injured to fight recklessly!
You are too injured to fight recklessly!
You hit Pikel.
Pikel is heavily wounded.
Pikel hits you with a whip of electrocution.
* * * LOW HITPOINT WARNING * * *
You are electrocuted!
* * * LOW HITPOINT WARNING * * *
A phantom comes into view.
You hit Pikel.
Pikel is heavily wounded.
Pikel hits you but does no damage.
You closely miss Pikel.
Pikel is heavily wounded.
Pikel barely misses you.
Your ring mail prevents you from hitting Pikel.
Pikel is heavily wounded.
Pikel hits you with a whip of electrocution.
You die...

*,...§.....# *,*********
*,.........#####.*
*,,≈.∩.≈.:......,*
*,,,........#.##** *****
*,,,,#.........##*****,,,>
**,,,,...p.......,,,,,,,,,
******#ppp......,,,,,,,,,
*#K#*,#,**,,**,,***
###@##.#.#..,,,,,* *
#..#....W...,,*,** *
#.#.##.#.#..,,*,* *
#.#.#*,#,,,,,,*,* *
#.#.#*,****,,,*,****
#.#.#*,****,,,,,,,,<
#.#.#*,,,,,,,,,,*,,,
###.#.#*,,,,,,,,,,,,,,
#.....#*******,,**,,,,


You could see Pikel, a phantom and 4 slaves.

Vanquished Creatures
  2 phantoms
  3 ogres
  A bullfrog (D:5)
  3 crimson imps (D:6)
  3 orc priests (D:5)
  A bullfrog skeleton (D:6)
  2 jellies
  A gnoll shaman (D:6)
  2 hounds
  4 orc wizards
  An iguana (D:4)
  6 worker ants
  A hound zombie (D:5)
  7 adders
  3 gnolls (D:6)
  A shadow imp (D:6)
  An ooze (D:1)
  3 worms
  A dart slug (D:3)
  8 leopard geckos
  9 orcs
  A ball python (D:1)
  9 bats
  3 giant cockroaches
  5 goblins
  6 hobgoblins
  6 jackals
  A quokka (D:2)
  4 frilled lizards
  8 kobolds
  A quokka skeleton (D:5)
  A quokka zombie (D:5)
  7 rats
115 creatures vanquished.

Notes
Turn   | Place    | Note
-------+----------+-------------------------------------------
     0 | D:1      | GordonOverkill the Gnoll Skald began the quest for the Orb.
     0 | D:1      | Reached XP level 1. HP: 18/18 MP: 5/5
    64 | D:1      | Reached skill level 5 in Charms
   291 | D:1      | Reached XP level 2. HP: 24/24 MP: 6/6
   787 | D:1      | Reached skill level 4 in Axes
  1197 | D:2      | Reached XP level 3. HP: 28/29 MP: 8/8
  1596 | D:2      | Reached skill level 5 in Axes
  2174 | D:2      | Reached XP level 4. HP: 28/36 MP: 3/9
  2323 | D:2      | Learned a level 2 spell: Song of Slaying
  2327 | D:2      | Learned a level 3 spell: Regeneration
  2330 | D:2      | Learned a level 2 spell: Shroud of Golubria
  2554 | D:2      | Reached skill level 6 in Axes
  2639 | D:2      | Found an iron altar of Okawaru.
  2660 | D:2      | Became a worshipper of Warmaster Okawaru
  3322 | D:3      | Reached XP level 5. HP: 41/41 MP: 6/10
  3368 | D:3      | Reached skill level 7 in Axes
  3535 | D:3      | Found a burning altar of Makhleb.
  3841 | D:4      | Noticed an ogre
  3853 | D:3      | Killed an ogre
  3853 | D:3      | Reached XP level 6. HP: 9/47 MP: 1/11
  4115 | D:4      | Reached skill level 8 in Axes
  4116 | D:4      | Reached * piety under Okawaru
  4677 | D:4      | Reached skill level 5 in Fighting
  4837 | D:4      | Reached XP level 7. HP: 32/56 MP: 4/12
  5396 | D:5      | Entered Level 5 of the Dungeon
  5497 | D:5      | Found a sparkling altar of Nemelex Xobeh.
  5794 | D:5      | Reached ** piety under Okawaru
  6135 | D:5      | Found a bloodstained altar of Trog.
  6420 | D:5      | Reached skill level 9 in Axes
  6483 | D:5      | HP: 3/60 [something/magic dart (8)]
  6488 | D:5      | Reached XP level 8. HP: 31/67 MP: 13/13
  6939 | D:6      | Found a sacrificial altar of Ru.
  7312 | D:6      | Reached skill level 5 in Armour
  7836 | D:7      | Found a shimmering altar of Xom.
  7902 | D:7      | Found Tuizaist's Elemental Accessories.
  7903 | D:7      | Noticed Pikel
  7910 | D:7      | HP: 2/67 [Pikel/whip of electrocution (17)]
  7913 | D:7      | Slain by Pikel

Vault maps used:
D:1:      doesnt_arrival_eight_statues, minmay_small_reverse_x
D:2:      eino_tiny_chamber, okawaru_gym_becter
D:3:      makhleb_blood_cavern_becter
D:4:      first_bread
D:5:      overflow_temple_1_default, overflow_temple_1_default,
          minmay_checkerbox
D:6:      nicolae_ru_awakened_eye
D:7:      overflow_temple_1_default, grunt_temple_overflow_cloverleaf,
          minmay_temple_entry_glassed_door, basic_altar, nicolae_elemental_shop,
          uniq_pikel, uniq_menkaure

Skill      XL: |  1  2  3  4  5  6  7  8 |
---------------+-------------------------+-----
Charms         | 5 |  5.0
Armour         | 2 3 6 |  6.0
Axes           | 4 5 6 7 8 9 |  9.5
Dodging        | 4 |  4.6
Fighting       | 5 7 |  7.0
Spellcasting   | |  3.8

Action                   |  1- 3 |  4- 6 |  7- 9 || total
-------------------------+-------+-------+-------++-------
Melee: Hand axe          |   136 |    48 |       ||   184
       Bite              |    12 |    11 |    24 ||    47
       War axe           |       |    67 |   205 ||   272
Throw: Stone             |     7 |       |       ||     7
 Cast: Infusion          |     6 |    12 |    16 ||    34
       Regeneration      |       |     1 |       ||     1
       Shroud of Golubri |       |     2 |     3 ||     5
  Use: Potion            |       |       |     4 ||     4
       Scroll            |       |       |    13 ||    13
  Eat: Chunk             |     3 |     7 |     8 ||    18
       Fruit             |       |     3 |       ||     3
       Royal jelly       |       |       |     1 ||     1
Armor: Leather armour    |    41 |     1 |       ||    42
       Ring mail         |       |    38 |    69 ||   107
Dodge: Dodged            |   111 |    99 |   105 ||   315
